 Dungeon Crawl Stone Soup version 0.21.0-3-g78d12a8 (webtiles) character file.

23 theanonym the Skirmisher (level 2, -2/29 HPs)
             Began as an Ogre Enchanter on Jan 17, 2018.
             Slain by a hobgoblin (3 damage)
             ... on level 1 of the Dungeon.
             The game lasted 00:01:38 (869 turns).

theanonym the Skirmisher (Ogre Enchanter)            Turns: 869, Time: 00:01:39

Health: -2/29      AC:  3    Str: 11    XL:     2   Next: 95%
Magic:  4/5        EV: 10    Int: 16    God:
Gold:   45         SH:  0    Dex:  9    Spells: 4/5 levels left

rFire    + . .     SeeInvis .   d - +0 club
rCold    . . .     Gourm    .   (no shield)
rNeg     . . .     Faith    .   b - +0 robe {0}
rPois    .         Spirit   .   (helmet restricted)
rElec    .         Reflect  .   (no cloak)
rCorr    .         Harm     .   (gloves unavailable)
MR       .....                  (boots unavailable)
Stlth    ++........             (no amulet)
HPRegen  0.09/turn              g - ring of protection from fire {rF+}
MPRegen  0.09/turn              (no ring)

@: no status effects
A: large, unfitting armour, tough skin 1
a: no special abilities


Innate Abilities, Weirdness & Mutations

You are too large for most types of armour.
You have tough skin. (AC +1)


   Skills:
 + Level 2.8 Fighting
 - Level 0.8 Short Blades
 * Level 1.0 Maces & Flails
 - Level 1.7 Dodging
 - Level 2.1 Stealth
 - Level 2.4 Spellcasting
 - Level 2.6 Hexes


You had 4 spell levels left.
You knew the following spells:

 Your Spells              Type           Power        Failure   Level  Hunger
a - Corona                Hex            ##.....      7%          1    #......

Skill      XL: |  1  2 |
---------------+-------+-----
Fighting       | 2 |  2.8
Maces & Flails | 1 |  1.0
Short Blades   | |  0.8
Dodging        | |  1.7
Stealth        | |  2.1
Spellcasting   | |  2.4
Hexes          | |  2.6

Action                   || total
-------------------------++-------
Melee: Dagger            ||    30
       Club              ||    52
 Cast: Corona            ||     2
 Stab: Sleeping          ||     3
Armor: Robe              ||    19
Dodge: Dodged            ||    53

Inventory:

Hand Weapons
 a - a +1 dagger
 d - a +0 club (weapon)
   (You took it off a hobgoblin on level 1 of the Dungeon)
Armour
 b - a +0 robe (worn) {0}
Jewellery
 g - a ring of protection from fire (left hand) {rF+}
   (You found it on level 1 of the Dungeon)
Scrolls
 h - a scroll of teleportation {unknown}
Potions
 f - a potion of lignification {unknown}
Books
 c - a book of Maledictions
Comestibles
 e - 3 rations


You were on level 1 of the Dungeon.
You were not hungry.

You visited 1 branch of the dungeon, and saw 1 of its levels.

You collected 45 gold pieces.

Dungeon Overview and Level Annotations

Branches:
Dungeon (1/15)

Altars:

.......#.........# #.#
###....#.##.#.##.# #.#
..##...........#.########.#
##.##..........#...)......#
.##.##.........>...########
#.##.#........####.#
##.#.#...........#.#
.#.#.#.....##.##.#.#
.#.#.#.........#@#.#
.#.#.#.....#####g#.#
##.#.#..........l#..
#.##.#.........#####
.##.##......... ##.## .
.=..... ..## ....... ###
#######


You could see a hobgoblin and a frilled lizard.

Notes
Turn   | Place    | Note
-------+----------+-------------------------------------------
     0 | D:1      | theanonym the Ogre Enchanter began the quest for the Orb.
     0 | D:1      | Reached XP level 1. HP: 16/16 MP: 3/3
   104 | D:1      | Reached skill level 1 in Fighting
   152 | D:1      | Reached skill level 2 in Fighting
   158 | D:1      | Reached XP level 2. HP: 29/29 MP: 5/5
   832 | D:1      | Reached skill level 1 in Maces & Flails
   854 | D:1      | HP: 13/29 [hobgoblin (4)]
   860 | D:1      | HP: 7/29 [hobgoblin (3)]
   867 | D:1      | HP: 1/29 [hobgoblin (4)]
   869 | D:1      | Slain by a hobgoblin

Vanquished Creatures
  2 dart slugs (D:1)
  2 bats (D:1)
  A giant cockroach (D:1)
  3 goblins (D:1)
  2 hobgoblins (D:1)
  A ball python (D:1)
  3 kobolds (D:1)
  5 rats (D:1)
19 creatures vanquished.

Table legend:
 A = Turns spent in this place as a percentage of turns spent in the entire game.
 B = Non-inter-level travel turns spent in this place as a percentage of non-inter-level travel turns spent in the entire game.
 C = Inter-level travel turns spent in this place as a percentage of turns spent in this place.
 D = Turns resting spent in this place as a percentage of non-inter-level travel turns spent in this place.
 E = Turns spent auto-exploring this place as a percentage of non-inter-level travel turns spent in this place.
 F = Non-inter-level travel turns spent in this place divided by the number of levels of this place that you've seen.
                   A       B       C       D       E      F
               +-------+-------+-------+-------+-------+----------------------
         Total | 100.0 | 100.0 |   0.0 |  26.7 |  54.8 | 869.0
       Dungeon | 100.0 | 100.0 |   0.0 |  26.7 |  54.8 | 869.0
               +-------+-------+-------+-------+-------+----------------------
